 Dungeon Crawl Stone Soup version 0.25.1-2-g60ff931df9 (webtiles) character file.

Game seed: 344834760716600413

4201 DearestLeader the Agent of Entropy (level 10, -3/71 HPs)
             Began as a Demonspawn Abyssal Knight on Sept 23, 2020.
             Was a Priest of Lugonu.
             Slain by a hippogriff (5 damage)
             ... on level 8 of the Dungeon.
             The game lasted 00:23:30 (9138 turns).

DearestLeader the Agent of Entropy (DsAK)           Turns: 9138, Time: 00:23:32

Health: -3/71      AC: 17    Str: 16    XL:     10   Next: 8%
Magic:  0/17       EV:  9    Int: 14    God:    Lugonu [***...]
Gold:   488        SH:  0    Dex: 12    Spells: 9/9 levels left

rFire    . . .     SeeInvis .   k - +0 war axe
rCold    + . .     Gourm    .   (no shield)
rNeg     . . .     Faith    .   I - +0 plate armour
rPois    +         Spirit   +   (no helmet)
rElec    .         Reflect  .   o - +0 cloak
rCorr    .         Harm     .   (no gloves)
MR       .....                  (no boots)
Stlth    ..........             (no amulet)
HPRegen  0.21/turn              G - +4 ring of evasion
MPRegen  0.15/turn              v - ring of protection from cold

@: no status effects
A: hooves 2, slimy green scales 3, powered by pain 1, magic shield
a: Depart the Abyss, Bend Space, Banish, Renounce Religion


You were on level 8 of the Dungeon.
You worshipped Lugonu.
Lugonu was most pleased with you.
You were not hungry.

You visited 1 branch of the dungeon, and saw 9 of its levels.
You visited the Abyss 1 time.

You collected 510 gold pieces.
You spent 22 gold pieces at shops.

Inventory:

Hand Weapons
 k - a +0 war axe (weapon)
Missiles
 l - 47 poisoned darts (quivered)
Armour
 o - a +0 cloak (worn)
 z - a +0 buckler
 I - a +0 plate armour (worn)
 L - +0 acid dragon scales
Jewellery
 d - an uncursed ring of poison resistance
 j - an uncursed ring of resist corrosion
 v - a ring of protection from cold (right hand)
 G - a +4 ring of evasion (left hand)
Wands
 a - a wand of acid (9)
 i - a wand of random effects (16)
 u - a wand of flame (10)
 D - a wand of iceblast (6)
Scrolls
 b - 3 scrolls of enchant weapon
 e - a scroll of immolation
 f - a scroll of blinking
 h - a scroll of amnesia
 q - a scroll of fog
 t - a scroll of teleportation {unknown}
 x - a scroll of enchant armour {unknown}
 y - a scroll of noise {unknown}
 B - a scroll of fear {unknown}
 E - a scroll of random uselessness {unknown}
 H - a scroll of identify
 J - 2 scrolls of remove curse
Potions
 g - a potion of heal wounds
 m - a potion of haste
 n - a potion of resistance
 p - a potion of ambrosia {unknown}
 r - a potion of flight {unknown}
 s - a potion of berserk rage {unknown}
 w - a potion of magic {unknown}
 A - 2 potions of curing {unknown}
 C - 2 potions of degeneration {unknown}
 F - a potion of brilliance {unknown}
 K - a potion of lignification {unknown}
Comestibles
 c - 6 rations
 M - 2 chunks of flesh


   Skills:
 - Level 4.0 Fighting
 * Level 9.3 Axes
 + Level 5.8 Armour
 - Level 1.0 Dodging
 * Level 4.1 Shields
 + Level 9.4 Invocations


You had 9 spell levels left.
You didn't know any spells.
Your spell library contained the following spells:

 Spells                   Type           Power        Failure   Level  Hunger
 Foxfire                  Conj/Fire      #...         100%        1    ##.....
 Sandblast                Erth           #.....       100%        1    ##.....
 Summon Small Mammal      Summ           #...         100%        1    ##.....
 Call Imp                 Summ           #.......     100%        2    ###....
 Passwall                 Tmut/Erth      #.......     100%        2    ###....
 Sublimation of Blood     Necr           #.........   100%        2    ###....
 Call Canine Familiar     Summ           #.......     100%        3    ####...
 Conjure Flame            Conj/Fire      #.......     100%        3    ####...
 Ignite Poison            Fire/Tmut/Pois #.......     100%        3    ####...
 Inner Flame              Hex/Fire       #.......     100%        3    ####...
 Stone Arrow              Conj/Erth      #.....       100%        3    ####...
 Summon Guardian Golem    Hex/Summ       #.......     100%        3    ####...
 Petrify                  Tmut/Erth      #.......     100%        4    #####..
 Sticky Flame             Conj/Fire      #.......     100%        4    #####..
 Summon Ice Beast         Ice/Summ       #.......     100%        4    #####..
 Summon Lightning Spire   Summ/Air       #.......     100%        4    #####..
 Alistair's Intoxication  Tmut/Pois      #.......     100%        5    ######.
 Fireball                 Conj/Fire      #.........   100%        5    ######.
 Irradiate                Conj/Tmut      #.........   100%        5    ######.
 Lee's Rapid Deconstruct  Erth           #.........   100%        5    ######.
 Eringya's Noxious Bog    Tmut/Pois      #.........   100%        6    #######


Dungeon Overview and Level Annotations

Branches:
Dungeon (9/15)             Temple (0/1) D:5            Lair (0/6) D:8
    Orc: D:9-12

Altars:
Dithmenos
Fedhas
Qazlal
Sif Muna
Uskayaw
Xom
The Shining One

Shops:
D:4 }   D:5 (=*

Annotations:
D:5 1 transporter, Name63's ghost, novice OpTm
Abyss:1 Psyche


Innate Abilities, Weirdness & Mutations

You have hoof-like feet.
You are completely covered in slimy green scales. (AC +4, rPois)
You sometimes gain a little power by taking damage.
When hurt, damage is shared between your health and your magic reserves.


Message History

The hippogriff closely misses you.
You completely miss the hippogriff.
The hippogriff is heavily wounded.
The hippogriff bites you.
* * * LOW HITPOINT WARNING * * *
The hippogriff barely misses you.
The hippogriff claws you but does no damage.
You hit the hippogriff but do no damage.
You kick the hippogriff.
The hippogriff is severely wounded.
The hippogriff barely misses you. The hippogriff pecks you.
* * * LOW HITPOINT WARNING * * *
The hippogriff claws you but does no damage.
You hit the hippogriff but do no damage.
Your kick misses the hippogriff.
The hippogriff is severely wounded.
The hippogriff bites you.
* * * LOW HITPOINT WARNING * * *
The hippogriff pecks you.
You die...

#........#
#.................#
#........##
#.................#
#.........#
##................#
#.........#
#...............##
#.........#
######..........##
#.........#
##.######.....
##........## ###.##
###### ##........#
####...##
###......###.@H....#
##...#.....####..#
######.#### ##..#
#.# #.# .## ..# ..
#... ### ###


You could see a hippogriff.

Vanquished Creatures
  A hornet (D:8)
  A hippogriff (D:8)
  Grum (D:8)
  A basilisk (D:8)
  An acid dragon (D:8)
  A water moccasin (D:6)
  2 orc warriors
  A sky beast (D:6)
  4 ice beasts
  2 wolves
  2 ogres
  3 centaurs
  A bullfrog (D:6)
  A killer bee (D:8)
  3 scorpions
  A crimson imp (D:7)
  A centaur zombie (D:6)
  6 hounds
  Crazy Yiuf (D:3)
  7 orc priests
  7 orc wizards
  2 bullfrog skeletons
  A centaur skeleton (D:7)
  2 worker ants
  An iguana (D:6)
  A hound skeleton (D:7)
  12 adders
  8 gnolls
  A shadow imp (D:5)
  2 adder zombies
  An adder skeleton (D:8)
  A dart slug (D:1)
  4 leopard geckos (D:3)
  24 orcs
  4 bats
  3 giant cockroaches
  16 goblins
  6 hobgoblins
  3 jackals (D:1)
  5 kobolds
  2 quokkas
  A ball python skeleton (D:4)
  5 frilled lizards
  A jackal skeleton (D:4)
  A quokka zombie (D:5)
  12 rats
167 creatures vanquished.

Vanquished Creatures (others)
  A two-headed ogre (D:7)
  2 wyverns (D:8)
  A wolf (D:7)
  A crocodile (D:8)
5 creatures vanquished.

Grand Total: 172 creatures vanquished

Notes
Turn   | Place    | Note
-------+----------+-------------------------------------------
     0 | Abyss:1  | DearestLeader the Demonspawn Abyssal Knight began the quest
                  | for the Orb.
     0 | Abyss:1  | Reached XP level 1. HP: 18/18 MP: 2/2
    58 | Abyss:1  | Noticed a hell hound
    59 | D:1      | Escaped the Abyss
   237 | D:1      | Reached * piety under Lugonu
   239 | D:1      | Gained mutation: You are partially covered in slimy green
                  | scales. (AC +2) [demonic ancestry]
   239 | D:1      | Reached XP level 2. HP: 20/24 MP: 4/4
  1151 | D:1      | Gained mutation: You sometimes gain a little power by
                  | taking damage. [demonic ancestry]
  1151 | D:1      | Reached XP level 3. HP: 26/29 MP: 5/5
  1284 | D:2      | Gained mutation: When hurt, damage is shared between your
                  | health and your magic reserves. [demonic ancestry]
  1284 | D:2      | Reached XP level 4. HP: 35/35 MP: 6/6
  1506 | D:2      | Reached ** piety under Lugonu
  1814 | D:2      | Found a hide-covered altar of Uskayaw.
  1814 | D:2      | Found a shimmering altar of Xom.
  1820 | D:2      | Found a shimmering blue altar of Sif Muna.
  1822 | D:2      | Found a stormy altar of Qazlal.
  1823 | D:2      | Found a faded altar of an unknown god.
  2195 | D:3      | Noticed an ogre
  2232 | D:3      | Killed an ogre
  2232 | D:3      | Gained mutation: You have large cloven feet. [demonic
                  | ancestry]
  2232 | D:3      | Reached XP level 5. HP: 11/41 MP: 8/8
  2500 | D:3      | Found a glowing golden altar of the Shining One.
  2604 | D:3      | Reached skill level 5 in Invocations
  2827 | D:3      | Gained mutation: You are mostly covered in slimy green
                  | scales. (AC +3) [demonic ancestry]
  2827 | D:3      | Reached XP level 6. HP: 44/47 MP: 7/9
  3236 | D:3      | Found a runed translucent door.
  3237 | D:3      | Noticed Crazy Yiuf
  3578 | D:3      | Killed Crazy Yiuf
  3578 | D:3      | Reached skill level 5 in Axes
  3578 | D:3      | Reached skill level 1 in Dodging
  3748 | D:4      | Found Igezan's Gadget Boutique.
  4069 | D:4      | Reached *** piety under Lugonu
  4077 | D:4      | Gained mutation: You have hoof-like feet. [demonic
                  | ancestry]
  4077 | D:4      | Reached XP level 7. HP: 41/52 MP: 8/11
  4470 | D:5      | Entered Level 5 of the Dungeon
  4515 | D:5      | Found Biec's Jewellery Emporium.
  4648 | D:5      | Found a transporter.
  4681 | D:5      | Noticed Name63's ghost (novice OpTm)
  4683 | D:5      | Identified the +6 great mace "Datsool" {protect, *Contam
                  | *Noise rF+++ rN++}
  4733 | D:5      | Found Naux's Antique Weapon Emporium.
  4800 | D:5      | Found Gisookan's General Store.
  4831 | D:5      | Bought a scroll of identify for 22 gold pieces
  4969 | D:5      | Found a staircase to the Ecumenical Temple.
  4974 | D:5      | You fall into a shaft and drop 1 floor!
  4988 | D:6      | Found a blossoming altar of Fedhas.
  5003 | D:6      | Gained mutation: You are completely covered in slimy green
                  | scales. (AC +4, rPois) [demonic ancestry]
  5003 | D:6      | Reached XP level 8. HP: 39/58 MP: 7/13
  6364 | D:6      | Found a shadowy altar of Dithmenos.
  6769 | D:7      | Noticed a two-headed ogre
  6773 | D:7      | Banished a two-headed ogre
  6828 | D:7      | Reached XP level 9. HP: 60/65 MP: 15/15
  6859 | D:7      | You fall into a shaft and drop 1 floor!
  6904 | D:8      | Noticed Grum
  7207 | D:7      | Reached skill level 5 in Armour
  7207 | D:7      | Reached skill level 1 in Shields
  7343 | D:7      | You fall into a shaft and drop 2 floors!
  7351 | D:8      | Noticed Psyche
  7359 | D:8      | Banished Psyche
  8842 | D:8      | Found a staircase to the Lair.
  8928 | D:8      | Paralysed by a hornet for 2 turns
  8930 | D:8      | Reached XP level 10. HP: 62/71 MP: 13/17
  8999 | D:8      | Identified the +9 quarterstaff of a Labyrinth {pain, MR++
                  | Int+3 Dex-4 Stlth+}
  9129 | D:8      | Killed Grum
  9138 | D:8      | HP: 2/71 [hippogriff (2)]
  9138 | D:8      | Slain by a hippogriff

Illustrated notes

Levels and vault maps discovered:
D:1:      heliophobic_arrival_dark_side_of_the_moon, layout_loops_ring
D:2:      layout_loops_ring, chequers_temple_overflow_minitemple
D:3:      layout_basic, lemuel_doored_altar, first_ration, minmay_ogre_servants,
          uniq_crazy_yiuf_cottage
D:4:      layout_rooms, serial_shops, shop, cheibrodos_gnoll_hut
D:5:      layout_basic, minmay_temple_entry_butterflies, serial_shops,
          nicolae_shop_temple_entry_statues_fountains, shop, shop,
          gammafunk_ghost_smash, kennysheep_another_room
D:6:      layout_rooms, old_standard_altar, bh_chokoban, fedhas_ov_isle_minmay
D:7:      layout_loops_ring, grunt_temple_overflow_lords_of_destruction,
          lemuel_round_altar, uniq_duvessa
D:8:      layout_cave_pods, erik_lair_dragon, uniq_psyche, uniq_grum
D:9:      layout_roguey, david_nohive_1, nrook_mini_vaults

Skill      XL: |  1  2  3  4  5  6  7  8  9 10 |
---------------+-------------------------------+-----
Axes           | 2 3 4 5 6 8 9 |  9.3
Invocations    | 3 4 5 6 8 9 |  9.4
Dodging        | 1 |  1.0
Armour         | 2 3 4 5 |  5.8
Fighting       | 4 |  4.0
Shields        | 3 4 |  4.1

Action                   |  1- 3 |  4- 6 |  7- 9 | 10-12 || total
-------------------------+-------+-------+-------+-------++-------
Melee: Hand axe          |    82 |   111 |       |       ||   193
       War axe           |       |   120 |   356 |    35 ||   511
       Kick              |       |    23 |    91 |    11 ||   125
Invok: Depart the Abyss  |     1 |       |       |       ||     1
       Banish            |       |       |     7 |       ||     7
  Use: Scroll            |       |     3 |     6 |       ||     9
       Potion            |       |       |     3 |       ||     3
 Stab: Sleeping          |     1 |       |       |       ||     1
  Eat: Chunk             |     1 |     7 |     5 |       ||    13
       Ration            |       |     1 |     3 |     1 ||     5
Armor: Leather armour    |    21 |       |       |       ||    21
       Ring mail         |    20 |    49 |       |       ||    69
       Scale mail        |       |    19 |       |       ||    19
       Chain mail        |       |    67 |   124 |       ||   191
       Plate armour      |       |       |   177 |    34 ||   211
Dodge: Dodged            |    57 |   131 |   167 |    24 ||   379
